Cogmind - Beta 15 @@@ ROGUE MODE // 2025.07.24 @ 13:29:10 Player: Brrz Result: Self-destructed Performance ------------- Evolutions (2) 1000 Regions Visited (3) 600 Robots Destroyed (8) 40 Value Destroyed (285) 285 Prototype IDs (2) 40 Alien Tech Used (0) 0 Bonus (0) 0 TOTAL SCORE: 1965 Bonus ------- None Cogmind --------- Core Integrity 550/550 Matter 250/300 Energy 82/100 System Corruption 0% Temperature Cool (0) Movement Treading (320) Ox2 Location -8/Materials Parts ------- > --- POWER (1+1) ------ Subdweller Power Source (+) > --- PROPULSION (4) --- Medium Treads Medium Treads Medium Treads > --- UTILITY (4) ------ Humpback > --- WEAPON (2) ------- Powered Cannon > --- INVENTORY (35) --- Medium Treads Heavy Rocket Launcher Welding Torch Scrap Shield Fragment (49) Scrap Shield Fragment (45) Scrap Shield Fragment (40) Scrap Shield Fragment (40) Scrap Shield Fragment (39) Peak State ------------ > --- POWER ------------ Subdweller Power Source > --- PROPULSION ------- Medium Treads Medium Treads Medium Treads Medium Treads > --- UTILITY ---------- Humpback > --- WEAPON ----------- Powered Cannon > --- INVENTORY -------- Welding Torch Scrap Shield Fragment Scrap Shield Fragment Scrap Shield Fragment Scrap Shield Fragment Scrap Shield Fragment [Rating: 35] Favorites ----------- Power Subdweller Power Source Engine Subdweller Power Source Propulsion Aluminum Leg Treads Medium Treads Leg Aluminum Leg Wheel Subdweller Monowheel Flight Unit Improved VTOL Module Utility Humpback Device Improved Terrain Scanner Storage Humpback Protection Scrap Shield Weapon Powered Cannon Energy Gun Medium Laser Energy Cannon Powered Cannon Ballistic Gun Assault Rifle Build | -11 -10 -10 -8 ------- Run | Yrd Mat Sub Mat Slots Evolved 4 | . . . 4 Power . | . . . . Propulsion 2 | . . . 2 Utility 2 | . . . 2 Weapon . | . . . . Parts Attached 21 | 6 . 10 5 Power 3 | 1 . 2 . Engine 3 | 1 . 2 . Core . | . . . . Reactor . | . . . . Propulsion 11 | 2 . 4 5 Treads 4 | . . . 4 Leg 2 | . . 2 . Wheel 4 | 2 . 2 . Hover . | . . . . Flight 1 | . . . 1 Utility 3 | 1 . 2 . Device 1 | 1 . . . Storage 1 | . . 1 . Processor . | . . . . Hackware . | . . . . Protection 1 | . . 1 . Artifact . | . . . . Weapon 4 | 2 . 2 . Energy Gun 2 | 2 . . . Energy Cannon 1 | . . 1 . Ballistic Gun 1 | . . 1 . Ballistic Cannon . | . . . . Launcher . | . . . . Special Weapon . | . . . . Impact Weapon . | . . . . Slashing Weapon . | . . . . Piercing Weapon . | . . . . Special Melee Weapon . | . . . . Unidentified Prototypes 2 | . . 1 1 Parts Lost 3 | . . 3 . Power 1 | . . 1 . Propulsion . | . . . . Utility 1 | . . 1 . Weapon 1 | . . 1 . Highest Loss Streak 2 | . . 2 . To Critical Strikes . | . . . . Average Backups 1 | 1 4 1 1 Power . | . . . . Propulsion . | 1 2 . . Utility . | . . . . Weapon . | . 2 . . Tool/Special . | . . . . Unused Backups 4 | . . 2 2 Power . | . . . . Propulsion . | . . . . Utility . | . . . . Weapon 3 | . . 2 1 Tool/Special 1 | . . . 1 Average Slot Usage (%) 73 | . 85 75 53 Engine 21 | . 14 23 9 Treads 2 | . . . 23 Leg 14 | . . 16 2 Wheel 8 | . 28 8 . Storage 10 | . . 11 8 Energy Gun 3 | . 28 2 . Energy Cannon 10 | . . 10 8 Peak Build Rating 35 | 8 8 25 35 Average Rating 21 | 3 8 21 31 On Entrance 9 | . 8 8 23 Naked Turns . | . . . . Heaviest Build 219 | 8 8 219 219 Greatest Support 112 | 20 20 40 112 Greatest Overweight (x) 10 | . . 10 10 Average Overweight (x) 5 | . . 6 2 Largest Inventory Capacity 35 | 5 5 35 35 Average Capacity 31 | 5 5 33 35 Most Carried 10 | 4 4 10 9 Average Carried 6 | 2 4 6 6 Final Capacity 35 | 5 5 35 35 Final Carried 8 | 4 4 6 8 Class Distribution -------------------- 89% | Hauler-Mutant 10% | Mutant Dominant Class ---------------- Mutant | -10/Materials Hauler-Mutant | -10/Subcaves Hauler-Mutant | -8/Materials Resources | -11 -10 -10 -8 ----------- Run | Yrd Mat Sub Mat Matter Collected 366 | 260 . 106 . Remotely . | . . . . Salvage Created 302 | 49 . 253 . Parts 20 | 2 . 18 . Haulers Intercepted . | . . . . Recyclers Shooed . | . . . . Parts Field Recycled . | . . . . Retrieved Matter . | . . . . Parts Self-Destructed 21 | . . 21 . Prevented . | . . . . Kills | -11 -10 -10 -8 ------- Run | Yrd Mat Sub Mat Combat Hostiles Destroyed 7 | 1 . 6 . Guns 5 | . . 5 . Cannons 1 | . . 1 . Classes Destroyed 3 | 2 . 1 . Tunneler 1 | 1 . . . Grunt 2 | 1 . 1 . Subdweller 5 | . . 5 . Best Kill Streak 3 | 2 . 3 . Combat Bots Only 3 | 1 . 3 . Max Kills in Single Turn 1 | 1 . 1 . Gunslinging . | . . . . Exploded . | . . . . Melee . | . . . . Uniques/NPCs Destroyed . | . . . . Combat | -11 -10 -10 -8 -------- Run | Yrd Mat Sub Mat Hostile Shots Fired 166 | 3 . 163 . Missed 58 | 1 . 57 . Hits 108 | 2 . 106 . Projectile 108 | 2 . 106 . AOE 2 | . . 2 . Critical Strikes 1 | . . 1 . Damage Taken 1067 | 23 . 1044 . Core 165 | 11 . 154 . Absorbed by Shields . | . . . . Core Remaining (%) 64 | 95 . 34 . Volleys Fired 33 | 4 . 27 2 Largest 2 | 2 . 2 1 Hottest 120 | 100 . 120 40 Shots Fired 52 | 8 . 42 2 Gun 38 | 8 . 30 . Cannon 14 | . . 12 2 Launcher . | . . . . Special . | . . . . Kinetic 6 | . . 6 . Thermal 46 | 8 . 36 2 Explosive . | . . . . Electromagnetic . | . . . . Robot Hit Streak 9 | 7 . 9 . Robot Miss Streak 1 | . . 1 1 Penetration Max . | . . . . Secondary Targets 1 | . . 1 . Max Gunslinging Chain 1 | . . 1 . Shots Hit Robots 35 | 7 . 28 . Core Hits 11 | 1 . 10 . Critical Kills . | . . . . Critical Parts Destroyed . | . . . . Critical Strikes 4 | 1 . 3 . Burn 4 | 1 . 3 . Melee Attacks . | . . . . Impact . | . . . . Slashing . | . . . . Piercing . | . . . . Sneak Attacks . | . . . . Combat Hostiles . | . . . . Follow-up Attacks . | . . . . Damage Inflicted 691 | 85 . 606 . Guns 385 | 85 . 300 . Cannons 303 | . . 303 . Explosions . | . . . . Melee . | . . . . Ramming 3 | . . 3 . Kinetic 64 | . . 64 . Thermal 624 | 85 . 539 . Explosive . | . . . . Electromagnetic . | . . . . Impact . | . . . . Slashing . | . . . . Piercing . | . . . . Highest Corruption . | . . . . Average Corruption . | . . . . Corruption Purged . | . . . . Corruption Blocked . | . . . . Overload Shots 2 | . . 2 . Overflow Damage . | . . . . Projectiles . | . . . . Explosions . | . . . . Melee . | . . . . Knockbacks . | . . . . Impact . | . . . . Kinetic . | . . . . Secondary . | . . . . Self-Inflicted Damage . | . . . . Shots . | . . . . Rammed . | . . . . Targets Rammed 1 | . . 1 . Kicked 1 | . . 1 . Crushed . | . . . . Highest Temperature 144 | 129 . 144 9 Average Temperature 47 | 73 . 28 9 Received Heat Transfer 309 | 12 . 297 . Siege Activations . | . . . . Martial Activations . | . . . . Shielding Activations . | . . . . Robots Disrupted . | . . . . Combat Hostiles . | . . . . Robots Corrupted . | . . . . Combat Hostiles . | . . . . Parts Fried . | . . . . Impact Corruptions . | . . . . Robots Melted 1 | 1 . . . Combat Hostiles 1 | 1 . . . Parts Melted 6 | 3 . 3 . Heat Transferred 1258 | 333 . 925 . Parts Sabotaged . | . . . . Parts Stolen . | . . . . Parts Stripped . | . . . . Power Chain Reactions . | . . . . Alert | -11 -10 -10 -8 ------- Run | Yrd Mat Sub Mat Maximum Alert Level . | . . . . Low Security (%) 100 | 100 100 . 100 Level 1 . | . . . . Level 2 . | . . . . Level 3 . | . . . . Level 4 . | . . . . Level 5 . | . . . . High Security . | . . . . Max Security . | . . . . Peak Influence 25 | 25 9 . 15 Initial 9 | . 9 . 3 Average 1 | 3 1 . 1 Influence Increases 91 | 25 . 50 16 Destroy 0b10 Robot/C 40 | 20 . 20 . Destroy 0b10 Robot/NC 5 | 5 . . . Disable Machine 15 | . . . 15 Destroy Structure 1 | . . . 1 Lose Combat Pursuer 30 | . . 30 . Influence Decreases 91 | 10 15 42 24 Entered New Map 11 | . 6 . 5 Time Decay 80 | 10 9 42 19 Squads Dispatched . | . . . . Investigation . | . . . . Extermination . | . . . . Reinforcement . | . . . . Assault . | . . . . Garrison . | . . . . Intercept . | . . . . Searches Triggered . | . . . . Construction Impeded . | . . . . Haulers Reinforced . | . . . . Active Scanning Responses . | . . . . Cargo Convoy Interrupts . | . . . . Stealth | -11 -10 -10 -8 --------- Run | Yrd Mat Sub Mat Distress Signals . | . . . . Communications Jammed . | . . . . Distress Signals . | . . . . Times Spotted 22 | 1 . 19 2 Peak Tracking Total 6 | 1 . 6 1 Tactical Retreats 1 | . . 1 . Traps | -11 -10 -10 -8 ------- Run | Yrd Mat Sub Mat Traps Triggered . | . . . . Indirectly . | . . . . Trap Hack Attempts . | . . . . Triggered . | . . . . Disarmed . | . . . . Reprogrammed . | . . . . Reused . | . . . . Traps Extracted . | . . . . Installed . | . . . . Triggered . | . . . . Machines | -11 -10 -10 -8 ---------- Run | Yrd Mat Sub Mat Machines Disabled 1 | . . . 1 Max in Single Turn 1 | . . . 1 Machines Repaired . | . . . . Machines Dismantled . | . . . . Machines Sabotaged . | . . . . Overloaded Fab Kills . | . . . . Hacking | -11 -10 -10 -8 --------- Run | Yrd Mat Sub Mat Machines Accessed . | . . . . Terminals . | . . . . Fabricators . | . . . . Repair Stations . | . . . . Recycling Units . | . . . . Scanalyzers . | . . . . Garrison Access . | . . . . Total Hacks . | . . . . Successful . | . . . . Failed . | . . . . Catastrophic . | . . . . Database Lockouts . | . . . . Manual . | . . . . Terminals . | . . . . Fabricators . | . . . . Repair Stations . | . . . . Recycling Units . | . . . . Scanalyzers . | . . . . Garrison Access . | . . . . Terminal Hacks . | . . . . Fabricator Hacks . | . . . . Repair Station Hacks . | . . . . Recycling Unit Hacks . | . . . . Scanalyzer . | . . . . Garrison Access Hacks . | . . . . Unauthorized Hacks . | . . . . Terminals . | . . . . Fabricators . | . . . . Repair Stations . | . . . . Recycling Units . | . . . . Scanalyzers . | . . . . Garrison Access . | . . . . Data Cores Recovered . | . . . . Used . | . . . . Hacking Detections . | . . . . Full Trace Events . | . . . . Feedback Events . | . . . . Feedback Blocked . | . . . . Robot Schematics Acquired . | . . . . Robots Built . | . . . . Authchips . | . . . . Time . | . . . . Total Robot Build Rating . | . . . . Part Schematics Acquired . | . . . . Parts Built . | . . . . Authchips . | . . . . Time . | . . . . Total Part Build Rating . | . . . . Parts Repaired . | . . . . Time . | . . . . Parts Recycled . | . . . . Recycled Matter . | . . . . Retrieved Matter . | . . . . Retrieved Components . | . . . . Parts Scanalyzed . | . . . . Part Schematics Acquired . | . . . . Parts Damaged . | . . . . Bothacking | -11 -10 -10 -8 ------------ Run | Yrd Mat Sub Mat Used RIF Installer . | . . . . Robots Hacked . | . . . . Non-combat . | . . . . Combat . | . . . . Robot Hacks Applied . | . . . . Relay Couplers Released . | . . . . Fabnet Peak Effective % . | . . . . Robots Rewired . | . . . . Allies Hacked . | . . . . Hacks Repelled . | . . . . Allies | -11 -10 -10 -8 -------- Run | Yrd Mat Sub Mat Total Allies . | . . . . Largest Group . | . . . . Highest-Rated Group . | . . . . Highest-Rated Ally . | . . . . Total Orders . | . . . . Ally Attacks . | . . . . Total Damage . | . . . . Kills . | . . . . Allies Corrupted . | . . . . Allies Melted . | . . . . Intel | -11 -10 -10 -8 ------- Run | Yrd Mat Sub Mat Active Infowar (turns) 112 | 4 101 7 . Terrain 112 | 4 101 7 . Robot Analysis Total . | . . . . Derelict Logs Recovered . | . . . . Drone Launches . | . . . . Drone Recoveries . | . . . . Exploration | -11 -10 -10 -8 ------------- Run | Yrd Mat Sub Mat Turns Passed 2719 | 83 101 2316 219 Spaces Moved 751 | 76 12 616 47 Core 17 | 17 . . . Treads 43 | . . . 43 Legs 185 | . . 181 4 Wheels 506 | 59 12 435 . Hover . | . . . . Flight . | . . . . Fastest Speed 50 | 50 80 80 240 Average Speed 316 | 73 80 350 323 Slowest Speed 820 | 80 80 820 820 Overloaded Moves . | . . . . Propulsion Burnouts . | . . . . Robots Hopped . | . . . . Potential Cave-ins . | . . . . Cave-ins Triggered . | . . . . Exploration Rate (%) 14 | 8 5 43 3 Regions Visited 3 Branch Regions 1 Pre-discovered Areas . | . . . . Known Exits Taken . | . . . . Unknown Exits Taken 3 | 1 1 1 . Scrap Searched . | . . . . Spaces Dug 7 | . . 7 . Terrain Destroyed 9 | . . 8 1 Melee . | . . . . Projectile 9 | . . 8 1 AOE . | . . . . Terrain Rammed . | . . . . Walls Destroyed . | . . . . Machines Disabled . | . . . . Actions | -11 -10 -10 -8 --------- Run | Yrd Mat Sub Mat Total 1050 | 95 103 738 114 Wait 202 | . 92 62 48 Move 748 | 75 11 615 47 Hop . | . . . . Pick Up 31 | 10 . 14 7 Fast Attach . | . . . . Attach 19 | 6 . 9 4 Detach . | . . . . Swap 2 | . . 1 1 Drop 14 | . . 9 5 Fire 33 | 4 . 27 2 Melee . | . . . . Ram . | . . . . Kick 1 | . . 1 . Crush . | . . . . Escape Stasis . | . . . . Rewire . | . . . . Trap . | . . . . Miscellaneous . | . . . . Route ------- -11/Scrapyard -10/Materials -10/Subcaves (discovered 3 exits: [*Mat] / [*Rec] / [*Scr]) -8/Materials History --------- Turn | Location | Event 2 | -11/Scrapyard | Met Revision 17 57 | -11/Scrapyard | Discovered new exit (range 8) 84 | -11/Scrapyard | Entered Materials 176 | -10/Materials | Discovered new exit (range 9) 185 | -10/Materials | Entered Subcaves 186 | -10/Subcaves | Approached by a straggling Scientist 263 | -10/Subcaves | Ambushed by swarm of Subdwellers 382 | -10/Subcaves | A Subdweller sparked back to life 382 | -10/Subcaves | A Subdweller sparked back to life 382 | -10/Subcaves | A Subdweller sparked back to life 405 | -10/Subcaves | Found Prototype Energy Cannon 406 | -10/Subcaves | Identified Powered Cannon 407 | -10/Subcaves | Attached Powered Cannon, gained temporary slot: Power 606 | -10/Subcaves | Build established: Hauler-Mutant 1319 | -10/Subcaves | Scientist uncovered a shortcut to Scraptown 1792 | -10/Subcaves | Discovered new exit (range 6) 2223 | -10/Subcaves | Lost 3 allies 2247 | -10/Subcaves | Discovered new exit (range 16) 2250 | -10/Subcaves | Core integrity fell below 50% 2501 | -10/Subcaves | Entered Materials 2501 | -8/Materials | Evolved 4 slots: Propulsion x2, Utility x2 2720 | -8/Materials | Self-destructed Last Messages --------------- PARAMETERS=PROPULSION+2,UTILITY+2 LOCATION=UNKNOWN GOAL=ESCAPE 02534_ Acquired Med. Treads. 02536_ Dropped Aluminum Leg. 02537_ Dropped Broken Sub. Power Source. 02538_ Acquired Aluminum Leg. 02546_ Dropped Aluminum Leg. 02547_ Acquired Med. Treads. 02574_ Acquired Hvy. Rocket Launcher. 02589_ R-06 Scavenger collects Aluminum Leg. 02592_ R-06 Scavenger collects Broken Sub. Power Source. 02596_ R-06 Scavenger collects Aluminum Leg. 02634_ TF Node disabled. 02634_ Imp. Sensor Array tumbles out of TF Node. 02634_ Imp. Signal Interpreter tumbles out of TF Node. 02711_ Acquired Prototype Flight Unit. 02712_ Identified Imp. VTOL Module. 02712_ Faulty integration damages Powered Cannon (-4). 02713_ Dropped Faulty Imp. VTOL Module. Map ----- +----------------------------------------------------+ | | | | | | | | | | | | | | | | | | | | | | | | | | | | | | | | | | | | | | | | | | | ?????????????????????????????????????????????????? | | ?????????????????????????????????????????????????? | | ??????????????????????########???????????????????? | | ??????????????????????# #???????????????????? | | ??????????????????????# @ = #???????????????????? | | ??????????????????????# #???????????????????? | | ????????????????####### "T" #???????????????????? | | ????????????????# + """ #???????????????????? | | ????????????????# # #???????????????????? | | ??????########??# ####+###???????????????????? | | ??????#] !! #??# #?????????????? | | ??????#]]!!= #??# ######## #?????????????? | | ??????# #?## ##?????????????????????????????? | | ?????## ###!! #?????????????????????????????? | | ?????# #?????????????????????????????? | | ?????# ##" #?????????????????????????????? | | ?????# #######?????????????????????????????? | | ?????#########???????????????????????????????????? | | ?????????????????????????????????????????????????? | | ?????????????????????????????????????????????????? | | ?????????????????????????????????????????????????? | | ?????????????????????????????????????????????????? | | ?????????????????????????????????????????????????? | | ?????????????????????????????????????????????????? | | ?????????????????????????????????????????????????? | | ?????????????????????????????????????????????????? | | ?????????????????????????????????????????????????? | | ?????????????????????????????????????????????????? | | ?????????????????????????????????????????????????? | +----------------------------------------------------+ Best States ------------- Heat Dissipation 31 Energy Generation 25 Energy Capacity 300 Matter Stores 300 Matter Capacity 300 Sight Range 16 Terrain Scan Range 16 Terrain Scan Density 10 Armor Coverage 800 Evasion (%) 50 Recoil Reduction 4 Item Schematics ----------------- None Robot Schematics ------------------ None Fabricated ------------ Nothing Repaired ---------- Nothing Alien Tech Used ----------------- None Achievements -------------- It's Just You Risk Taker Tank Challenges ------------ None Game ------ Seed SlugArchitectCyclogen Manual? 0 Play Time 00:15:06 Cumulative 0.7 hours Start 2025.07.24 @ 13:12:44 End 2025.07.24 @ 13:29:10 Sessions 1 Manual Loads 0 Difficulty Rogue Special Mode None Game No. 2 Rogue 2 Adventurer 0 Explorer 0 Win Type - Total 0 Types 0/0/0/0/0/0/0/0/0/0 Lore% 0 Gallery% 2 Achievement% 4 Wizard Run 0 Options --------- Layout 0 ASCII 0 Keyboard 0 Movement Mouse Keybinds 0 Fullscreen 1 Font 24/Smallcaps Map View 76x50 Zoom Use 0% Tactical HUD 1 Map Filters NONE Filters NONE Steam 1 RUN: 79e1fc19-c130-4425-87e1-e7720f14f84c